 Seeded DCSS version 0.29.1-15-g9cfb28693d (webtiles) character file.

Game seed: 1099031342628375395 (custom seed)

756120 IndexError the Slayer (level 27, -10/172 HPs)
             Began as a Gargoyle Hunter on Mar 7, 2023.
             Was a High Priest of Hepliaklqana.
             Killed from afar by Lom Lobon (42 damage)
             ... with a great icy blast
             ... in Pandemonium.
             The game lasted 04:13:59 (75197 turns).

IndexError the Slayer (Gargoyle Hunter)            Turns: 75197, Time: 04:14:00

Health: -10/172    AC: 58    Str: 18    XL:     27
Magic:  13/44      EV: 22    Int:  8    God:    Hepliaklqana [*****.]
Gold:   2180       SH: 11    Dex: 23    Spells: 37/60 levels left

rFire   + + .      SeeInvis +   b - +9 hand crossbow (freeze)
rCold   + + .      Faith    .   X - +3 warlock's mirror {reflect}
rNeg    + . .      Spirit   .   y - +6 ice dragon scales
rPois   ∞          Reflect  +   s - +2 helmet {SInv}
rElec   +          Harm     .   p - +2 cloak
rCorr   +          Rampage  .   C - +1 pair of gloves of the Lute {rPois rF++ rCorr}
Will    +++++      Rage     50% D - +2 pair of boots {Stlth+}
Stlth   ++++......              W - necklace of Bloodlust {*Rage Will++ Int-3 Slay+6}
HPRegen 0.38/turn               L - ring of Moodiness {rC+ Will+}
MPRegen 0.29/turn               f - ring of Jessa {Fire rPois Slay+5}

@: frozen, flying, hasted, quick
A: reduced essence, sickness immunity, AC +20, big wings, negative energy
resistance 1, electricity resistance, torment resistance 1, petrification
resistance, iridescent scales 1
}: 8/15 runes: barnacled, slimy, silver, abyssal, demonic, glowing, magical,
gossamer
a: Renounce Religion, Recall Ancestor, Ancestor Identity, Transference, Idealise


You were in Pandemonium.
You worshipped Hepliaklqana.
Hepliaklqana was extremely pleased with you.
You visited 13 branches of the dungeon, and saw 55 of its levels.
You visited Pandemonium 1 time, and saw 9 of its levels.
You visited the Abyss 1 time.
You also visited: Trove, Gauntlet and Ice Cave.

You collected 11616 gold pieces.
You spent 9436 gold pieces at shops.

Inventory:

Hand Weapons
 a - the +3 greatsling "Punk" {acid, rCorr}
   (You bought it in a shop on level 1 of the Dungeon)

   Any ammunition fired from it is coated in acid, damaging and corroding those
   it strikes.
   rCorr:     It protects you from acid and corrosion.
 b - a +9 hand crossbow of freezing (weapon)
   (You took it off a yaktaur captain on level 1 of the Vaults)
Armour
 p - a +2 cloak (worn)
   (You found it on level 2 of the Dungeon)
 s - a +2 helmet of see invisible (worn)
   (You bought it in a shop on level 2 of the Orcish Mines)
 v - a scarf of repulsion
   (You found it on level 3 of the Spider Nest)
 y - +6 ice dragon scales (worn)
   (You found it on level 1 of the Shoals)
 C - the +1 pair of gloves of the Lute (worn) {rPois rF++ rCorr}
   (You found it in a treasure trove)

   rF:        It greatly protects you from fire.
   rPois:     It protects you from poison.
   rCorr:     It protects you from acid and corrosion.
 D - a +2 pair of boots of stealth (worn)
   (You found it in a treasure trove)
 X - the +3 warlock's mirror (worn) {reflect}
   (You found it in a Gauntlet)

   It can block and reflect piercing ranged attacks and magical attacks against
   the wielder's willpower.
Jewellery
 f - the ring of Jessa (right hand) {Fire rPois Slay+5}
   (You bought it in a shop on level 6 of the Dungeon)

   [ring of fire]

   It enhances your fire magic.
   Slay:      It affects your accuracy & damage with ranged weapons and melee
   (+5).
   rF:        It protects you from fire.
   rC:        It makes you vulnerable to cold.
   rPois:     It protects you from poison.
 x - a +4 ring of slaying
   (You bought it in a shop on level 13 of the Dungeon)
 L - the ring of Moodiness (left hand) {rC+ Will+}
   (You took it off a spriggan defender on level 2 of the Depths)

   [ring of willpower]

   rC:        It protects you from cold.
   Will:      It increases your willpower.
 M - the dreamshard necklace {*Dream Drain}
   (You found it on level 15 of the Dungeon)

   [amulet of nothing]

   It shatters if its wearer takes lethal or near-lethal damage, preventing the
   blow and releasing protective dreams that heal and fight for the wearer.
   Drain:     It drains your maximum health when unequipped.
 Q - an amulet of guardian spirit {Spirit}
   (You found it in Pandemonium)
 S - an amulet of reflection
   (You found it on level 3 of the Depths)
 W - the necklace of Bloodlust (around neck) {*Rage Will++ Int-3 Slay+6}
   (You found it on level 2 of the Depths)

   [amulet of nothing]

   It extends the wearer's berserk rage when killing foes.
   Int:       It affects your intelligence (-3).
   Slay:      It affects your accuracy & damage with ranged weapons and melee
   (+6).
   *Rage:     It berserks you when you make melee attacks (+50% chance).
   Will:      It greatly increases your willpower.
Wands
 G - a wand of iceblast (64)
   (You found it on level 8 of the Dungeon)
 H - a wand of charming (12)
   (You found it on level 3 of the Depths)
 O - a wand of digging (23)
   (You found it on level 15 of the Dungeon)
 V - a wand of light (20)
   (You took it off a centaur on level 14 of the Dungeon)
 Y - a wand of mindburst (33)
   (You found it in an ice cave)
Scrolls
 c - 13 scrolls of enchant weapon
 d - 12 scrolls of poison
 g - 7 scrolls of fear
 h - 23 scrolls of identify
 j - 7 scrolls of butterflies
 r - a scroll of summoning
 t - 22 scrolls of teleportation
 w - 7 scrolls of blinking {!r}
 z - 3 scrolls of magic mapping {!r}
 I - 11 scrolls of immolation {!r}
 R - a scroll of torment {!r}
 U - 3 scrolls of amnesia
Potions
 e - 23 potions of curing
 i - 6 potions of haste
 k - 4 potions of cancellation
 m - 9 potions of might
 n - 6 potions of ambrosia
 o - 18 potions of attraction {!q}
 u - a potion of resistance
 A - 3 potions of mutation {!q}
 B - 10 potions of lignification {!q}
 E - 2 potions of magic
 J - 4 potions of invisibility
 N - 9 potions of brilliance
 P - 9 potions of heal wounds
Miscellaneous
 l - a phantom mirror
   (You found it on level 5 of the Lair of Beasts)
 q - the horn of Geryon
   (You took it off Geryon in the Vestibule of Hell)
 K - a box of beasts
   (You found it on level 4 of the Shoals)
 T - a phial of floods
   (You found it on level 3 of the Elven Halls)
 Z - a condenser vane
   (You found it in a Gauntlet)


   Skills:
 - Level 24.8 Fighting
 - Level 20.3 Ranged Weapons
 - Level 17.0 Armour
 - Level 18.3 Dodging
 - Level 10.0 Stealth
 - Level 12.1 Shields
 + Level 17.1 Spellcasting
 - Level 7.0 Hexes
 - Level 13.0 Necromancy
 - Level 10.0 Translocations
 - Level 6.0 Transmutations
 + Level 20.8 Earth Magic
 - Level 10.0 Invocations


You had 37 spell levels left.
You knew the following spells:

 Your Spells              Type           Power      Damage    Failure   Level
a - Borgnjor's Vile Clut  Necr/Erth      16%        N/A       1%          5
b - Passage of Golubria   Tloc           22%        N/A       3%          4
c - Blink                 Tloc           44%        N/A       1%          2
d - Portal Projectile     Hex/Tloc       40%        N/A       1%          3
e - Petrify               Tmut/Erth      28%        N/A       1%          4
z - Lee's Rapid Deconstr  Erth           20%        3d13*     1%          5

Your spell library contained the following spells:

 Spells                   Type           Power      Damage    Failure   Level
 Beastly Appendage        Tmut           32%        N/A       1%          1
 Necrotise                Necr           100%       1d9       1%          1
 Slow                     Hex            72%        N/A       1%          1
 Passwall                 Tmut/Erth      23%        N/A       1%          2
 Gell's Gravitas          Tloc           22%        N/A       1%          3
 Lesser Beckoning         Tloc           22%        N/A       1%          3
 Stone Arrow              Conj/Erth      46%        3d9       1%          3
 Teleport Other           Tloc           22%        N/A       1%          3
 Vampiric Draining        Necr           27%        2d7       1%          3
 Animate Dead             Necr           27%        N/A       1%          4
 Dispel Undead            Necr           27%        3d13      1%          4
 Wereblood                Tmut           16%        N/A       3%          2
 Confusing Touch          Hex            18%        N/A       3%          3
 Tukima's Dance           Hex            18%        N/A       3%          3
 Anguish                  Hex/Necr       11%        N/A       3%          4
 Animate Armour           Summ/Erth      46%        N/A       3%          4
 Agony                    Necr           27%        N/A       3%          5
 Sting                    Tmut/Pois      44%        1d5       7%          1
 Ensorcelled Hibernation  Hex/Ice        24%        N/A       9%          2
 Death Channel            Necr           13%        N/A       17%         6
 Spider Form              Tmut/Pois      11%        N/A       21%         3
 Freeze                   Ice            24%        1d5       22%         1
 Magic Dart               Conj           24%        1d4       22%         1
 Shock                    Conj/Air       24%        1d4       22%         1
 Iskenderun's Mystic Bla  Conj/Tloc      14%        2d5       28%         4
 Ignite Poison            Fire/Tmut/Pois 15%        N/A       30%         3
 Call Imp                 Summ           6%         N/A       34%         2
 Poisonous Vapours        Pois/Air       12%        N/A       34%         2
 Searing Ray              Conj           12%        2d4       34%         2
 Static Discharge         Conj/Air       6%         3-4/arc   34%         2
 Corpse Rot               Necr/Pois/Air  13%        N/A       36%         4
 Yara's Violent Unravell  Hex/Tmut       8%         3d5       41%         5
 Iron Shot                Conj/Erth      11%        9d3       43%         6
 Fulminant Prism          Conj/Hex       6%         3d7       47%         4
 Dispersal                Tloc           11%        N/A       50%         6
 Ice Form                 Ice/Tmut       11%        N/A       54%         4
 Conjure Flame            Conj/Fire      10%        6-21      56%         3
 Frozen Ramparts          Ice            12%        1d2       56%         3
 Mephitic Cloud           Conj/Pois/Air  6%         N/A       56%         3
 Swiftness                Air            6%         N/A       56%         3
 Summon Forest            Summ/Tloc      7%         N/A       63%         5
 Silence                  Hex/Air        6%         N/A       83%         5
 Summon Mana Viper        Hex/Summ       12%        N/A       83%         5
 Irradiate                Conj/Tmut      5%         3d13      88%         5
 Airstrike                Air            3%         2d(1-17)  92%         4
 Hailstorm                Conj/Ice       6%         3d4       92%         4
 Olgreb's Toxic Radiance  Pois           6%         N/A       92%         4
 Sticky Flame             Conj/Fire      10%        2d3       92%         4
 Summon Ice Beast         Ice/Summ       6%         N/A       92%         4
 Fireball                 Conj/Fire      5%         3d5       99%         5
 Freezing Cloud           Conj/Ice/Air   3%         6-21      99%         5
 Iskenderun's Battlesphe  Conj           6%         2d6       99%         5
 Shatter                  Erth           20%        3d18*     99%         9
 Conjure Ball Lightning   Conj/Air       3%         3x3d6     100%        6
 Eringya's Noxious Bog    Tmut/Pois      5%         N/A       100%        6
 Starburst                Conj/Fire      5%         6d4       100%        6
 Enfeeble                 Hex            9%         N/A       100%        7
 Monstrous Menagerie      Summ           3%         N/A       100%        7
 Orb of Destruction       Conj           3%         9d5       100%        7
 Ozocubu's Refrigeration  Ice            3%         4d8       100%        7
 Spellforged Servitor     Conj/Summ      3%         N/A       100%        7
 Summon Hydra             Summ           3%         N/A       100%        7
 Borgnjor's Revivificati  Necr           13%        N/A       100%        8
 Discord                  Hex            9%         N/A       100%        8
 Disjunction              Tloc           11%        N/A       100%        8
 Ignition                 Fire           5%         3d4       100%        8
 Necromutation            Tmut/Necr      11%        N/A       100%        8
 Chain Lightning          Conj/Air       3%         3d4       100%        9
 Death's Door             Necr           13%        N/A       100%        9
 Fire Storm               Conj/Fire      5%         8d1       100%        9
 Sublimation of Blood     Necr           Unusable   N/A       N/A         2

Dungeon Overview and Level Annotations

Branches:
Dungeon (15/15)            Temple (1/1) D:4            Lair (5/5) D:8
 Shoals (4/4) Lair:3       Spider (4/4) Lair:2        Slime (5/5) Lair:4
    Orc (2/2) D:12            Elf (3/3) Orc:2        Vaults (5/5) D:14
  Crypt (3/3) Vaults:2       Tomb (0/3) Crypt:3      Depths (4/4) D:15
   Hell (visited)             Dis (0/7) Hell            Geh (0/7) Hell
    Coc (0/7) Hell            Tar (0/7) Hell            Zot (3/5) Depths:4
  IceCv (visited)         Gauntlet (visited)

Altars:
Ashenzari
Cheibriados
Dithmenos
Elyvilon
Fedhas
Gozag
Hepliaklqana
Kikubaaqudgha
Makhleb
Nemelex Xobeh
Okawaru
Qazlal
Ru
Sif Muna
Trog
Uskayaw
Vehumet
Wu Jian
Xom
Yredelemnul
Zin
The Shining One
Jiyva

Shops:
D:1 !(   D:5 *   D:6 [=(*   D:13 =   Orc:2 :*([   Elf:1 ==:   Shoals:3 [:[=
Depths:1 :*[:   Depths:3 [

Portals:
Hell: Depths:1 Depths:2 Depths:3 Depths:4
Abyss: Depths:3
Pandemonium: Depths:2 Depths:3 Depths:4
Ziggurat: Depths:1

Annotations:
D:3 Terence
Crypt:1 2 transporters, exclusion: obsidian statue, yalue's ghost, adept MiFi
Pan Lom Lobon


Innate Abilities, Weirdness & Mutations

Your life essence is reduced to manifest your ancestor. (-10% HP)
You are immune to sickness and miasma.
Your stone body is resilient. (AC +20)
You are immune to poison.
Your large and strong wings let you fly.
You resist negative energy. (rN+)
You are resistant to electric shocks. (rElec)
You are resistant to unholy torment.
You are immune to petrification.
You are partially covered in iridescent scales. (AC +2)


Message History

Your harpy skeleton dissolves into shadows!
The blast of lightning engulfs you! You resist.
The blast of lightning engulfs the blizzard demon.
The blizzard demon completely resists.
The blast of lightning engulfs the ball lightning.
The ball lightning completely resists.
The blast of lightning engulfs the Executioner!
The Executioner resists.
The blast of lightning engulfs you! You resist.
The blast of lightning engulfs the Executioner!!
The Executioner resists.
The blast of lightning engulfs your naga warrior skeleton!!!
The blast of lightning engulfs Lom Lobon.
Lom Lobon completely resists.
You take 34 damage, and have 111/172 hp.
Fire: b) +9 hand crossbow (freeze)
Press: ? - help, Q - select action, (/) - cycle Shift-Dir - straight line, f/p - Lom Lobon
Aim: Lom Lobon (moderately wounded, surrounded by restless winds, ally target, 70% to hit)
You shoot a bolt. The bolt hits Lom Lobon!
Lom Lobon hits you.
You feel your power leaking away.
The blizzard demon gestures at your naga warrior skeleton.
The bolt of lightning hits your naga warrior skeleton!!
Your naga warrior skeleton dissolves into shadows!
You take 6 damage, and have 105/172 hp.
You now have 24/44 mp.
Fire: b) +9 hand crossbow (freeze)
Press: ? - help, Q - select action, (/) - cycle Shift-Dir - straight line, f/p - Lom Lobon
Aim: Lom Lobon (moderately wounded, surrounded by restless winds, 70% to hit)
You shoot a bolt. The bolt hits Lom Lobon!!!
Lom Lobon hits you but does no damage.
Fire: b) +9 hand crossbow (freeze)
Press: ? - help, Q - select action, (/) - cycle Shift-Dir - straight line, f/p - Lom Lobon
Aim: Lom Lobon (heavily wounded, surrounded by restless winds, 70% to hit)
You shoot a bolt. The bolt hits Lom Lobon!!!
Fire: b) +9 hand crossbow (freeze)
Press: ? - help, Q - select action, (/) - cycle Shift-Dir - straight line, f/p - Lom Lobon
Aim: Lom Lobon (heavily wounded, surrounded by restless winds, 70% to hit)
You shoot a bolt. The bolt hits Lom Lobon!
Lom Lobon hits you but does no damage.
Fire: b) +9 hand crossbow (freeze)
Press: ? - help, Q - select action, (/) - cycle Shift-Dir - straight line, f/p - Lom Lobon
Aim: Lom Lobon (heavily wounded, surrounded by restless winds, 70% to hit)
You shoot a bolt. The bolt hits Lom Lobon!
The blizzard demon waves its arms in wide circles.
The air twists around and strikes you.
Lom Lobon gestures. 3 ball lightnings come into view.
Fire: b) +9 hand crossbow (freeze)
Press: ? - help, Q - select action, (/) - cycle Shift-Dir - straight line, f/p - Lom Lobon
Aim: Lom Lobon (heavily wounded, surrounded by restless winds, 70% to hit)
You shoot a bolt. The bolt hits Lom Lobon!
The blast of lightning engulfs Lom Lobon.
Lom Lobon completely resists.
The blast of lightning engulfs the blizzard demon.
The blizzard demon completely resists.
The blast of lightning engulfs you! You resist.
The blast of lightning engulfs you. You resist.
The blast of lightning engulfs the large abomination!!
The blast of lightning engulfs the blizzard demon.
The blizzard demon completely resists.
The blast of lightning engulfs Lom Lobon.
Lom Lobon completely resists.
The blizzard demon gestures at you. The bolt of lightning misses you.
Lom Lobon gestures at you.
Lom Lobon conjures a mighty blast of ice!
The great icy blast engulfs you!!! You partially resist.
You are encased in ice.
The great icy blast engulfs the large abomination!!!
The large abomination is frozen into a solid block of ice!
Fire: b) +9 hand crossbow (freeze)
Press: ? - help, Q - select action, (/) - cycle Shift-Dir - straight line, p - Lom Lobon You shoot a bolt.
The bolt completely misses Lom Lobon.
You are engulfed in freezing vapours.
You resist.
The blast of lightning engulfs Lom Lobon.
Lom Lobon completely resists.
The blast of lightning engulfs you! You resist.
* * * LOW HITPOINT WARNING * * *
The blast of lightning engulfs the blizzard demon.
The blizzard demon completely resists.
The blast of lightning engulfs the large abomination shaped block of ice!!
Lom Lobon hits you!
* * * LOW HITPOINT WARNING * * *
You feel your power leaking away. The blizzard demon gestures at you.
The bolt of cold misses you.
Fire: b) +9 hand crossbow (freeze)
Press: ? - help, Q - select action, (/) - cycle Shift-Dir - straight line, f - blizzard demon
Aim: a blizzard demon (severely wounded, 84% to hit)
You shoot a bolt. The bolt hits the blizzard demon!!
The bolt freezes the blizzard demon.
You are engulfed in freezing vapours.
You resist.
* * * LOW HITPOINT WARNING * * *
You take 75 damage, and have 31/172 hp.
MASSIVE DAMAGE!!
You now have 13/44 mp.
Fire: b) +9 hand crossbow (freeze)
Press: ? - help, Q - select action, (/) - cycle Shift-Dir - straight line, f - Lom Lobon
Aim: Lom Lobon (heavily wounded, surrounded by restless winds, 70% to hit)
You shoot a bolt. The bolt misses Lom Lobon.
You are engulfed in freezing vapours.
You resist. Lom Lobon gestures at you.
Lom Lobon conjures a mighty blast of ice!
The great icy blast engulfs you!!! You partially resist.
You die...

.. ##....
.#.#####....##
....##... .. #.#.....
#1# #..........###.#
#.......#..§..
#§#..#.#...# ##
#§§§.....### ##...
#§☼@&......§......
..§°§§§##......#...!
..☼§§§.§§§.....§.###
..§§§..#§§§....§.#
..###..§§2§§...§.....#
. #.#§§§§§§..§.....#
..####§§§§.§...... ##
§§§§§§.......#
#.............##


You could see Lom Lobon (gusty) and an Executioner.

Vanquished Creatures
  2 dread liches
  Boris (Depths:3)
  Frederick (Depths:3)
  2 curse toes
  6 golden dragons
  A pandemonium lord (Pan)
  Nikola (Spider:3)
  2 bone dragons
  A profane servitor (Pan)
  A Tzitzimitl (Pan)
  A Brimstone Fiend (Pan)
  Zenata (Vaults:3)
  Rupert (Lair:4)
  8 liches
  9 tentacled monstrosities
  2 titans
  Mlioglotl (Spider:1)
  A walking frostbound tome (Depths:2)
  2 deep elf master archers (Elf:3)
  3 quicksilver dragons
  Asterion (Vaults:2)
  8 acid blobs
  3 Executioners
  A walking divine tome (Depths:2)
  5 searing wretches
  A death cob (Zot:1)
  An ancient champion (Crypt:1)
  A kraken (Shoals:2)
  6 storm dragons
  2 revenants
  3 sphinxes
  7 tengu reavers
  4 shadow dragons
  6 azure jellies
  4 draconian monks
  9 rockslimes
  3 draconian scorchers
  8 frost giants
  A draconian knight (Zot:3)
  An emperor scorpion (shapeshifter) (Elf:3)
  6 fire giants
  A ghost moth (shapeshifter) (Vaults:5)
  2 iron dragons
  14 vault wardens
  2 deep elf sorcerers
  2 balrugs
  6 cacodemons (Pan)
  2 curse skulls
  3 emperor scorpions
  2 draconian shifters
  3 broodmothers
  6 draconian annihilators
  A ghoul (Crypt:1)
  3 deep elf elementalists (Elf:3)
  A demonspawn corrupter (Pan)
  3 ghost moths
  A draconian stormcaller (Depths:4)
  8 very ugly things
  9 stone giants
  7 quicksilver oozes
  2 ironbound thunderhulks (Vaults:3)
  A spriggan defender (Depths:2)
  10 ironbound preservers
  5 reapers
  A juggernaut skeleton (Crypt:3)
  3 vampire knights
  A green draconian (Zot:3)
  A starcursed mass (Abyss:1)
  2 demonspawn black suns (Pan)
  2 black draconians (Zot:1)
  3 caustic shrike skeletons
  3 entropy weavers
  A minotaur (Gauntlet)
  4 yellow draconians
  8 deep elf annihilators
  13 dire elephants
  3 white draconians
  A lorocyproca (Hell)
  5 purple draconians
  A red draconian (Abyss:1)
  6 spark wasps
  5 eidola
  6 ettins
  A crystal guardian (Vaults:3)
  6 green deaths (Pan)
  4 fire dragons
  15 blizzard demons (Pan)
  2 iron golems (Depths:2)
  8 merfolk javelineers
  4 merfolk impalers
  6 deep elf death magi
  9 jiangshi
  Josephine (Shoals:1)
  4 great orbs of eyes
  6 rakshasas
  3 deep elf high priests
  12 yaktaur captains
  2 juggernaut simulacra (Pan)
  4 boulder beetles
  2 ogre magi (Orc:2)
  A quicksilver dragon skeleton (Crypt:3)
  14 vault guards
  A radroach (shapeshifter) (Vaults:4)
  3 peacekeepers
  6 centaur warriors
  5 ironbound frosthearts
  2 hydras
  Erolcha (Orc:2)
  3 spriggan air magi
  5 merfolk aquamancers
  A death knight (Crypt:3)
  2 spriggan skeletons
  A stoker (Hell)
  4 merfolk avatars
  An alligator snapping turtle (Shoals:4)
  23 dancing weapons
  4 deep troll shamans
  3 tengu warriors
  13 death yaks
  A radroach (Spider:2)
  A satyr (Shoals:3)
  13 two-headed ogres
  2 hell hogs
  3 spriggan berserkers
  2 thrashing horrors (Gauntlet)
  3 deep troll earth magi
  9 vampire magi
  10 large abominations (Pan)
  6 holy swine (Pan)
  9 sun demons
  10 hell knights
  14 deep elf knights
  11 soul eaters
  3 spriggans
  3 shadow wraiths
  A golden dragon zombie (Depths:3)
  14 sixfirhies
  25 skeletal warriors
  2 pharaoh ants (Spider:1)
  A wretched star (Abyss:5)
  A sun moth (Spider:4)
  6 sea snakes
  A titan skeleton (Hell)
  34 deep trolls
  2 shadow demons (Pan)
  3 iron trolls
  4 steelbarb worms
  3 bunyip skeletons (Crypt:3)
  7 deep elf archers
  5 flayed ghosts
  A deep troll (shapeshifter) (Vaults:5)
  6 orb spiders
  10 wizards
  3 glowing orange brains
  5 phantasmal warriors
  19 ironbound convokers
  6 lindwurms
  A swamp dragon (Lair:5)
  2 orc knights
  17 deep elf zephyrmancers
  20 harpies
  2 necromancers
  24 deep elf pyromancers
  A wolf spider zombie (Crypt:2)
  30 ugly things
  20 wolf spiders
  2 fauns
  8 cyclopes
  A shining eye (shapeshifter) (Vaults:5)
  A frost giant zombie (Vaults:4)
  An orc sorcerer (Orc:2)
  9 manticores
  An iron dragon skeleton (Crypt:3)
  A shadow dragon skeleton (Pan)
  An elephant (shapeshifter) (Vaults:4)
  4 shining eyes
  A dire elephant zombie (Crypt:2)
  8 rust devils
  14 moths of wrath
  A guardian serpent (Lair:5)
  A titan simulacrum (Depths:3)
  8 orange demons
  5 elephants
  7 black mambas
  5 ice statues
  10 vault sentinels
  An eye of devastation (shapeshifter) (Gauntlet)
  8 merfolk sirens
  15 smoke demons (Pan)
  3 eyes of devastation
  3 water nymphs
  A centaur skeleton (Crypt:3)
  2 unseen horrors
  4 demonic crawlers
  2 naga skeletons (Crypt:3)
  7 cane toads
  A red draconian zombie (Crypt:1)
  A hellion (Pan)
  2 tormentors (Pan)
  2 alligator snapping turtle skeletons
  8 rime drakes
  25 yaktaurs
  6 ice devils
  7 komodo dragons
  Maggie (D:9)
  2 tengu conjurers (D:14)
  2 efreet
  13 hellwings (Pan)
  A grey draconian skeleton (Crypt:1)
  A white draconian zombie (Crypt:1)
  3 freezing wraiths
  A harpy zombie (Crypt:3)
  A merfolk (shapeshifter) (D:14)
  2 red devils (Pan)
  A golden dragon simulacrum (Depths:3)
  A troll (shapeshifter) (Vaults:5)
  2 meliai (Abyss:5)
  A meliai (shapeshifter) (Abyss:1)
  16 merfolk
  A queen bee (Abyss:5)
  10 trolls
  2 harpy skeletons (Crypt:3)
  A tarantella (shapeshifter) (Vaults:5)
  13 wind drakes
  7 hornets
  28 blink frogs
  63 slime creatures
  21 tarantellas
  A polar bear (Lair:1)
  2 snapping turtles (Shoals:4)
  3 raiju (Abyss:5)
  2 dream sheep (shapeshifter)
  A hydra skeleton (Crypt:3)
  An alligator zombie (Crypt:1)
  A snapping turtle (shapeshifter) (D:15)
  2 dream sheep (Lair:5)
  A spriggan (shapeshifter) (D:14)
  12 wraiths
  30 jumping spiders
  A guardian serpent skeleton (Crypt:1)
  2 ynoxinuls (Abyss:1)
  11 air elementals
  5 flying skulls (Crypt:3)
  17 culicivoras
  4 ettin skeletons
  8 wyverns
  A satyr skeleton (Crypt:1)
  A dire elephant simulacrum (IceCv)
  8 basilisks
  20 water elementals
  Grum (D:9)
  53 redbacks
  32 yaks
  19 chaos spawn (Pan)
  10 golden eyes (Slime:3)
  8 neqoxecs (Pan)
  A steam dragon (shapeshifter) (Vaults:5)
  A wind drake skeleton (Crypt:1)
  A death yak simulacrum (IceCv)
  3 fire elementals
  2 steam dragons (Lair:5)
  15 vampire mosquitoes
  A glowing shapeshifter zombie (Vaults:4)
  2 harpy simulacra (IceCv)
  A swamp worm (shapeshifter) (Depths:4)
  5 wargs
  21 water moccasins
  A faun skeleton (Crypt:1)
  21 orc warriors
  3 acid dragons
  A hydra simulacrum (IceCv)
  A swamp drake (Lair:5)
  A sky beast (D:7)
  An ice beast (D:7)
  A black bear (D:8)
  A black bear (shapeshifter) (Vaults:5)
  An ice beast (shapeshifter) (D:14)
  34 wolves
  3 knights
  25 ogres
  15 centaurs
  A vine stalker zombie (Crypt:2)
  5 small abominations
  3 elf zombies (Elf:1)
  7 bullfrogs
  2 kobold brigands
  A necrophage (Crypt:1)
  A hog skeleton (Crypt:3)
  A gnoll sergeant (D:7)
  7 scorpions
  6 earth elementals
  2 cane toad simulacra (IceCv)
  8 two-headed ogre simulacra (IceCv)
  15 wights
  A water moccasin skeleton (Crypt:2)
  An elephant simulacrum (IceCv)
  A queen bee zombie (Crypt:2)
  10 killer bees
  4 electric eels
  6 howler monkeys
  A hound (shapeshifter) (Vaults:5)
  3 lava snakes (D:9)
  9 orc priests
  A hound (D:5)
  3 jellies
  A gnoll bouda (D:7)
  10 iguanas
  12 orc wizards
  5 hell rats (Hell)
  4 troll simulacra (IceCv)
  7 spriggan simulacra (IceCv)
  2 polar bear simulacra (IceCv)
  5 wolf simulacra (IceCv)
  2 naga zombies
  2 ogre zombies
  A hound skeleton (Crypt:3)
  3 gnolls
  5 adders
  5 naga simulacra (IceCv)
  A shadow imp (D:6)
  7 white imps
  3 ufetubi
  2 worms
  A dart slug (D:1)
  42 orcs
  2 ball pythons (D:4)
  5 endoplasms
  4 giant cockroaches
  8 goblins
  3 hobgoblins
  2 quokkas
  3 bats
  3 frilled lizards
  2 jackal zombies
  12 kobolds
  An orc skeleton (Crypt:3)
  A quokka skeleton (Crypt:3)
  A rat (D:2)
  5 ball lightnings (Pan)
  A creeping inferno (Hell)
  4 fire vortices
  A tentacle (Shoals:2)
1926 creatures vanquished.

Vanquished Creatures (collateral kills)
  the Royal Jelly (Slime:5)
  Mnoleg (Pan)
  2 dread liches (Vaults:4)
  Mennas (Pan)
  Sojobo (Depths:2)
  Bai Suzhen (Depths:2)
  Xtahua (Vaults:2)
  A curse toe (Zot:3)
  Geryon (Hell)
  3 golden dragons
  A bone dragon (Crypt:3)
  A tentacled monstrosity (Zot:1)
  2 Brimstone Fiends (Pan)
  2 searing wretches
  2 Ice Fiends (Pan)
  2 deep elf blademasters (Elf:3)
  2 liches
  4 titans
  11 acid blobs
  6 ancient champions
  2 quicksilver dragons
  2 sphinxes (Depths:2)
  2 Executioners (Pan)
  4 tengu reavers
  11 azure jellies
  2 storm dragons
  3 shadow dragons
  A revenant (Crypt:1)
  3 draconian knights
  A demonspawn warmonger (Pan)
  2 iron dragons
  5 fire giants
  5 emperor scorpions
  4 frost giants
  6 rockslimes
  4 deep elf sorcerers (Elf:3)
  A balrug (Pan)
  5 ghost moths
  9 vault wardens
  3 draconian scorchers
  A deep elf elementalist (Elf:3)
  3 war gargoyles
  2 demonspawn blood saints (Pan)
  11 ironbound preservers
  4 reapers
  12 very ugly things
  4 cacodemons (Pan)
  2 draconian shifters
  9 stone giants
  4 broodmothers
  2 draconian annihilators
  3 ironbound thunderhulks
  A demonspawn corrupter (Pan)
  2 quicksilver oozes
  2 vampire knights
  2 demonspawn black suns (Pan)
  5 deep elf demonologists
  3 green draconians
  5 red draconians
  4 deep elf annihilators
  4 dire elephants
  A black draconian (Zot:3)
  An entropy weaver (Spider:3)
  7 purple draconians
  An eidolon (Crypt:2)
  A spark wasp (Depths:4)
  5 yellow draconians
  3 white draconians
  3 blizzard demons (Pan)
  A merfolk javelineer (Shoals:1)
  2 deep elf death magi
  4 ettins
  3 jiangshi
  7 yaktaur captains
  A fire dragon (Lair:5)
  A crystal guardian (Vaults:4)
  2 green deaths (Pan)
  2 merfolk impalers
  A deep elf high priest (Elf:3)
  16 vault guards
  A spriggan zombie (Crypt:3)
  A hell beast (Pan)
  6 great orbs of eyes
  2 rakshasas
  4 ice dragons
  A boulder beetle (Vaults:3)
  6 ironbound frosthearts
  5 spriggan air magi
  4 centaur warriors
  A two-headed ogre (D:12)
  A death knight (Crypt:2)
  2 merfolk avatars
  A dancing weapon (Elf:2)
  5 merfolk aquamancers
  2 deep troll shamans
  4 vampire magi
  2 death yaks
  A titan zombie (Vaults:4)
  2 hell hogs (Depths:2)
  A thrashing horror (Abyss:1)
  A spriggan berserker (D:15)
  3 sun demons
  8 deep elf knights
  6 hell knights
  18 skeletal warriors
  4 iron trolls
  11 soul eaters
  The ghost of Laummuim the Gouger, a journeyman FeFi of Fedhas (Lair:4)
  5 shadow wraiths
  A wretched star (Abyss:5)
  A spriggan rider (Depths:2)
  20 deep trolls
  A sun moth (Spider:1)
  A sixfirhy (Pan)
  A shadow demon (Pan)
  A bog body (Crypt:1)
  Lodul (D:13)
  6 deep elf archers
  6 orb spiders
  A spriggan simulacrum (Crypt:2)
  An orc knight (Vaults:4)
  3 sea snakes
  4 glowing orange brains
  10 ironbound convokers
  4 wizards
  7 phantasmal warriors
  2 flayed ghosts
  2 lindwurms
  7 harpies
  A steelbarb worm (Spider:1)
  10 deep elf pyromancers
  An oklob plant (Lair:5)
  6 necromancers
  3 deep elf zephyrmancers
  A wolf spider (shapeshifter) (Depths:3)
  10 wolf spiders
  2 cyclopes (D:15)
  An orc sorcerer (Elf:1)
  An iron dragon zombie (Depths:3)
  A shining eye (Slime:5)
  4 manticores
  12 ugly things
  3 moths of wrath (Zot:1)
  An ice statue (Pan)
  4 vault sentinels
  3 black mambas (Lair:5)
  3 elephants
  A rust devil (Hell)
  6 orange demons (Pan)
  2 water nymphs (Shoals:3)
  A centaur skeleton (Crypt:2)
  A guardian serpent (shapeshifter) (Gauntlet)
  2 torpor snails
  2 smoke demons (Pan)
  3 cane toads
  An unseen horror (D:10)
  3 rime drakes
  A freezing wraith (Crypt:2)
  10 demonic crawlers
  16 yaktaurs
  An anaconda simulacrum (IceCv)
  A komodo dragon (Lair:5)
  11 hellwings (Pan)
  A red devil (Pan)
  3 ice devils
  A mana viper skeleton (Crypt:2)
  A polar bear (Lair:4)
  4 merfolk
  2 trolls
  2 hornets
  A meliai (Abyss:5)
  A tarantella (shapeshifter) (Vaults:5)
  9 wind drakes
  4 tarantellas (Spider:4)
  A slime creature (shapeshifter) (Gauntlet)
  65 slime creatures
  4 blink frogs
  A raiju (Abyss:5)
  A snapping turtle (Shoals:4)
  A dream sheep (shapeshifter) (Vaults:5)
  3 dream sheep (Lair:5)
  6 large abominations
  5 jumping spiders
  4 flying skulls (Crypt:3)
  3 air elementals
  2 spriggans (Depths:1)
  A centaur simulacrum (Hell)
  2 wyverns (Lair:5)
  A merfolk skeleton (Crypt:3)
  13 culicivoras
  A spriggan (shapeshifter) (Vaults:5)
  4 wraiths
  A ynoxinul (Pan)
  6 water elementals
  2 golden eyes (Slime:3)
  14 yaks
  A basilisk (D:8)
  7 neqoxecs (Pan)
  16 redbacks
  3 vampire mosquitoes
  A merfolk zombie (Crypt:3)
  A floating eye (Pan)
  A hydra simulacrum (IceCv)
  5 water moccasins
  5 orc warriors
  3 black bears
  An ettin simulacrum (Crypt:2)
  5 ogres
  5 wolves
  A centaur (D:14)
  7 elf zombies
  A cane toad simulacrum (IceCv)
  A necrophage (D:6)
  A two-headed ogre simulacrum (IceCv)
  An elephant simulacrum (IceCv)
  A killer bee (D:7)
  2 howler monkeys (D:7)
  A hound (D:7)
  6 orc wizards
  A hell rat (Hell)
  A gnoll (D:6)
  A shadow imp (D:7)
  5 orcs
  2 kobolds (D:8)
  2 ball lightnings (Pan)
844 creatures vanquished.

Vanquished Creatures (others)
  An Executioner (Pan)
  A vault warden (Vaults:2)
  A draconian knight (Depths:4)
  A ghost moth (Zot:3)
  An ironbound preserver (Vaults:5)
  2 stone giants
  A merfolk impaler (Shoals:4)
  2 yaktaur captains
  2 rakshasas (Pan)
  A soul eater (Pan)
  A deep elf knight (Elf:1)
  2 shadow wraiths (Pan)
  2 glowing orange brains (Pan)
  3 wizards (Pan)
  A necromancer (Hell)
  A deep elf zephyrmancer (Elf:1)
  3 large abominations (Pan)
  A vault sentinel (Vaults:2)
  A smoke demon (Pan)
  4 yaktaurs (Vaults:2)
  2 wind drakes (Pan)
  2 water elementals
  41 knights
  2 ancestors
  A quokka (D:6)
  24 ball lightnings (Pan)
  2 blocks of ice (Pan)
  28 fungi
  103 plants
  3 tentacles (Shoals:2)
240 creatures vanquished.

Grand Total: 3010 creatures vanquished

Notes
Turn   | Place    | Note
-------+----------+-------------------------------------------
     0 | D:1      | IndexError the Gargoyle Hunter began the quest for the Orb.
     0 | D:1      | Reached XP level 1. HP: 12/12 MP: 1/1
    22 | D:1      | Found Usoetiode's Distillery.
    91 | D:1      | Found Cunav's Weapon Shop.
   200 | D:1      | Found a faded altar of an unknown god.
   371 | D:1      | Reached XP level 2. HP: 18/18 MP: 2/2
  1331 | D:2      | Reached XP level 3. HP: 22/22 MP: 3/3
  1466 | D:2      | Found a burning altar of Makhleb.
  2088 | D:3      | Found a broken altar of Ashenzari.
  2287 | D:3      | Reached skill level 3 in Fighting
  2342 | D:3      | Found an iron altar of Okawaru.
  2449 | D:3      | Identified the +1 leather armour of Fashionability {rN+
                  | Will+++ Regen+ Int-5}
  2561 | D:3      | Found a shadowy altar of Dithmenos.
  2646 | D:3      | Noticed Terence
  3084 | D:4      | Found a staircase to the Ecumenical Temple.
  3094 | Temple   | Entered the Ecumenical Temple
  3103 | Temple   | Became a worshipper of Hepliaklqana the Forgotten
  3188 | D:4      | Noticed an ogre
  3191 | D:4      | Reached skill level 5 in Ranged Weapons
  3226 | D:4      | Reached XP level 4. HP: 28/28 MP: 4/4
  3311 | D:4      | Killed an ogre
  3312 | D:4      | Reached XP level 5. HP: 33/33 MP: 5/5
  3711 | D:4      | Reached * piety under Hepliaklqana
  3723 | D:4      | Reached skill level 4 in Fighting
  3723 | D:4      | Reached skill level 6 in Ranged Weapons
  3814 | D:4      | Found a shimmering blue altar of Sif Muna.
  3939 | D:5      | Entered Level 5 of the Dungeon
  3945 | D:5      | Reached XP level 6. HP: 34/34 MP: 6/6
  4081 | D:5      | Noticed a black bear
  4086 | D:5      | Killed a black bear
  4108 | D:5      | Reached skill level 7 in Ranged Weapons
  4108 | D:5      | Reached XP level 7. HP: 38/39 MP: 7/7
  4182 | D:5      | HP: 9/39 [orc priest/divine providence (11)]
  4185 | D:5      | Reached skill level 5 in Fighting
  4406 | D:5      | Found Yta Symp's Lightly-Used Armoury.
  4488 | D:5      | Reached ** piety under Hepliaklqana
  4593 | D:6      | Found Ifuaqyo's Assorted Antiques.
  4596 | D:6      | Found Ixotap's Antique Weapon Boutique.
  4636 | D:6      | Identified a scroll of acquirement
  4636 | D:6      | Acquired 986 gold pieces
  4772 | D:1      | Bought the +3 greatsling "Punk" {acid, rCorr} for 375 gold
                  | pieces
  4772 | D:1      | Found the +3 greatsling "Punk" {acid, rCorr}
  4903 | D:6      | Found Meibla's Antique Armour Shoppe.
  4917 | D:6      | Found Rerick's Jewellery Emporium.
  4987 | D:6      | Reached skill level 8 in Ranged Weapons
  4999 | D:6      | Remembered your ancestor Tlalli as a knight
  5153 | D:6      | Found a white marble altar of Elyvilon.
  5169 | D:6      | Reached XP level 8. HP: 45/45 MP: 8/8
  5172 | D:6      | Reached skill level 6 in Fighting
  5664 | D:7      | Reached skill level 9 in Ranged Weapons
  5741 | D:7      | Reached skill level 7 in Fighting
  5767 | D:7      | Reached skill level 10 in Ranged Weapons
  5767 | D:7      | Reached XP level 9. HP: 51/51 MP: 9/9
  5849 | D:7      | Noticed a centaur warrior
  5850 | D:7      | Identified the +1 hand axe of the Heart {vorpal, rPois
                  | Dex+3}
  5858 | D:7      | Killed a centaur warrior
  5859 | D:7      | Reached skill level 8 in Fighting
  5859 | D:7      | Reached skill level 11 in Ranged Weapons
  5965 | D:7      | Noticed a boulder beetle
  5974 | D:7      | Killed a boulder beetle
  5975 | D:7      | Reached skill level 9 in Fighting
  5975 | D:7      | Reached skill level 12 in Ranged Weapons
  5975 | D:7      | Reached XP level 10. HP: 26/59 MP: 10/10
  5983 | D:7      | Noticed a two-headed ogre
  5988 | D:7      | Killed a two-headed ogre
  6217 | D:7      | Noticed a deep elf pyromancer
  6223 | D:7      | Killed a deep elf pyromancer
  6257 | D:7      | Reached skill level 13 in Ranged Weapons
  6460 | D:7      | Reached *** piety under Hepliaklqana
  6530 | D:8      | Reached skill level 10 in Fighting
  6577 | D:8      | Noticed an elephant
  6586 | D:8      | Killed an elephant
  6589 | D:8      | Found a staircase to the Lair.
  6845 | D:8      | Found a sparkling altar of Nemelex Xobeh.
  6845 | D:8      | Found a basalt altar of Yredelemnul.
  6845 | D:8      | Found a bloodstained altar of Trog.
  6913 | D:8      | Reached XP level 11. HP: 65/65 MP: 11/11
  7060 | D:8      | Noticed a wizard
  7532 | D:6      | Bought the ring "Uhav" {Fire MP+9 Str-3 Dex+2 Slay+5} for
                  | 977 gold pieces
  7602 | D:9      | Noticed Maggie
  7610 | D:9      | Killed Maggie
  7611 | D:9      | Reached skill level 14 in Ranged Weapons
  8023 | D:9      | Reached **** piety under Hepliaklqana
  8070 | D:9      | Noticed Grum
  8075 | D:9      | Killed Grum
  8104 | D:9      | Noticed a two-headed ogre
  8108 | D:9      | Killed a two-headed ogre
  8109 | D:9      | Reached skill level 11 in Fighting
  8258 | D:9      | Found a runed translucent door.
  8273 | D:9      | Found a runed translucent gate.
  8274 | D:9      | Noticed a boulder beetle
  8277 | D:9      | Found a runed translucent gate.
  8279 | D:9      | Found a runed translucent gate.
  8279 | D:9      | Found a runed translucent gate.
  8279 | D:9      | Found a runed translucent gate.
  8279 | D:9      | Identified the +2 hat of Ru's Castigation {rElec rPois
                  | Str+2}
  8279 | D:9      | Noticed a lindwurm
  8281 | D:9      | Found a runed translucent gate.
  8306 | D:9      | Killed a boulder beetle
  8363 | D:9      | Killed a lindwurm
  8612 | D:10     | Entered Level 10 of the Dungeon
  8822 | D:10     | Reached skill level 15 in Ranged Weapons
  8831 | D:10     | Acquired a manual of Dodging
  8944 | D:10     | Found an ancient bone altar of Kikubaaqudgha.
  8992 | D:10     | Reached skill level 2 in Dodging
  9045 | D:10     | Reached skill level 1 in Shields
  9045 | D:10     | Reached skill level 1 in Invocations
  9197 | D:10     | Reached skill level 2 in Invocations
  9444 | D:10     | Found a glowing golden altar of the Shining One.
  9640 | D:11     | Reached skill level 3 in Dodging
  9640 | D:11     | Reached skill level 2 in Shields
  9818 | D:11     | Noticed a two-headed ogre
  9821 | D:11     | Killed a two-headed ogre
  9822 | D:11     | Reached skill level 12 in Fighting
 10613 | D:12     | Noticed a two-headed ogre
 10617 | D:12     | Killed a two-headed ogre
 10618 | D:12     | Reached skill level 4 in Dodging
 10618 | D:12     | Reached skill level 3 in Shields
 10618 | D:12     | Reached skill level 3 in Invocations
 10618 | D:12     | Reached XP level 12. HP: 72/72 MP: 14/14
 10728 | D:12     | Noticed a two-headed ogre
 10730 | D:12     | Killed a two-headed ogre
 10732 | D:12     | Reached skill level 4 in Shields
 10732 | D:12     | Reached skill level 4 in Invocations
 10779 | D:12     | Noticed a two-headed ogre
 10785 | D:12     | Killed a two-headed ogre
 10786 | D:12     | Reached skill level 5 in Dodging
 10792 | D:12     | Reached skill level 5 in Invocations
 10820 | D:12     | Reached skill level 6 in Dodging
 10839 | D:12     | Reached ***** piety under Hepliaklqana
 10916 | D:12     | Found a staircase to the Orcish Mines.
 11057 | D:12     | Reached skill level 6 in Invocations
 11064 | D:12     | Reached skill level 7 in Dodging
 11133 | D:13     | Found Pounipli's Jewellery Shoppe.
 11280 | D:13     | Found a radiant altar of Vehumet.
 11288 | D:13     | Found a gate leading to a gauntlet.
 11300 | Gauntlet | Entered a Gauntlet
 11300 | Gauntlet | Found a transporter.
 11300 | Gauntlet | Found a transporter.
 11301 | Gauntlet | Found a transporter.
 11301 | Gauntlet | Found a transporter.
 11304 | Gauntlet | Found a transporter.
 11312 | Gauntlet | Noticed a shock serpent
 11312 | Gauntlet | an eye of devastation changed into a shock serpent
 11314 | Gauntlet | Noticed a thrashing horror
 11316 | Gauntlet | Found a transporter.
 11317 | Gauntlet | Noticed a thrashing horror
 11328 | Gauntlet | Found a transporter.
 11336 | Gauntlet | Found a transporter.
 11354 | Gauntlet | Found a transporter.
 11361 | Gauntlet | Found a transporter.
 11365 | Gauntlet | Found the +8 arc blade {discharge, rElec}
 11378 | Gauntlet | Found a transporter.
 11399 | Gauntlet | Noticed a satyr
 11400 | Gauntlet | a satyr changed into a goliath frog
 11408 | Gauntlet | Noticed a two-headed ogre
 11408 | Gauntlet | a wolf spider changed into a two-headed ogre
 11412 | Gauntlet | a two-headed ogre changed into a manticore
 11430 | Gauntlet | Found a transporter.
 11706 | Gauntlet | Reached skill level 7 in Invocations
 11709 | Gauntlet | Reached skill level 8 in Dodging
 11764 | Gauntlet | Identified the amulet "Huelyb" {Acrobat rElec rC+ Str+9
                  | Int-3}
 11790 | Gauntlet | Killed a thrashing horror
 11792 | Gauntlet | Killed a thrashing horror
 11829 | Gauntlet | Identified the +1 hat of Deosil {Stlth+}
 11859 | Gauntlet | Found the +3 warlock's mirror {reflect}
 11859 | Gauntlet | Identified the +0 plate armour of Ennui {rN+++ Regen+ Str-3
                  | Dex-4}
 11859 | Gauntlet | Identified the ring "Fumu" {Fly Will+ Int+5 Dex+5}
 11859 | Gauntlet | Noticed a minotaur
 11869 | Gauntlet | Killed a minotaur
 11870 | Gauntlet | Reached skill level 9 in Dodging
 11870 | Gauntlet | Reached skill level 8 in Invocations
 11878 | Gauntlet | Got Sif Muna's Book of the Assassin and the Geologist
 11890 | Gauntlet | Identified the +4 steam dragon scales of Joy {Str+3 SInv}
 11930 | D:13     | Noticed a centaur warrior
 11937 | D:13     | Killed a centaur warrior
 11938 | D:13     | Reached XP level 13. HP: 74/77 MP: 19/19
 12233 | D:13     | Noticed Lodul
 12240 | D:13     | Killed Lodul
 12497 | D:13     | Reached skill level 10 in Dodging
 12497 | D:13     | Reached skill level 9 in Invocations
 12965 | D:14     | Reached skill level 10 in Invocations
 12968 | D:14     | Reached skill level 1 in Armour
 12970 | D:14     | Reached skill level 1 in Spellcasting
 12975 | D:14     | Reached skill level 2 in Armour
 12983 | D:14     | Reached skill level 2 in Spellcasting
 13029 | D:14     | Found a gate to the Vaults.
 13068 | D:14     | Reached skill level 3 in Armour
 13079 | D:14     | Reached skill level 3 in Spellcasting
 13085 | D:14     | Reached skill level 4 in Armour
 13173 | D:14     | Reached skill level 4 in Spellcasting
 13175 | D:14     | Reached skill level 5 in Armour
 13698 | D:15     | Entered Level 15 of the Dungeon
 13716 | D:15     | Reached skill level 6 in Armour
 13718 | D:15     | Reached skill level 5 in Spellcasting
 13840 | D:15     | Gained mutation: Your large and strong wings let you fly.
                  | [Gargoyle growth]
 13840 | D:15     | Reached XP level 14. HP: 57/82 MP: 22/22
 13845 | D:15     | Reached skill level 7 in Armour
 13959 | D:15     | Found the dreamshard necklace {*Dream Drain}
 13975 | D:15     | Reached skill level 6 in Spellcasting
 14430 | D:15     | Reached skill level 8 in Armour
 14466 | D:15     | Noticed a broodmother
 14466 | D:15     | a tyrant leech changed into a broodmother
 14473 | D:15     | Reached skill level 7 in Spellcasting
 14478 | D:15     | a broodmother changed into a wolf spider
 14529 | D:15     | Found a staircase to the Depths.
 14846 | Lair:1   | Entered Level 1 of the Lair of Beasts
 14865 | Lair:1   | Found a frozen archway.
 14884 | IceCv    | Entered an ice cave
 15191 | IceCv    | Reached skill level 9 in Armour
 15343 | IceCv    | Noticed a reaper
 15364 | IceCv    | Killed a reaper
 15543 | IceCv    | Got the Compendium of the Winter
 15554 | IceCv    | Identified the +4 troll leather armour of Yredelemnul's
                  | Delight {Contam rPois Regen+ rCorr}
 15784 | Lair:1   | Reached skill level 8 in Spellcasting
 15967 | Lair:1   | Reached skill level 10 in Armour
 16067 | Lair:1   | Reached skill level 9 in Spellcasting
 16646 | Lair:1   | Reached skill level 11 in Armour
 16931 | Lair:2   | Reached XP level 15. HP: 86/86 MP: 28/28
 17111 | Lair:2   | Found a hole to the Spider Nest.
 17295 | Lair:2   | Reached skill level 10 in Spellcasting
 17851 | Lair:2   | Reached skill level 12 in Armour
 17851 | Lair:2   | Reached skill level 1 in Earth Magic
 17863 | Lair:2   | Reached skill level 2 in Earth Magic
 17870 | Lair:2   | Learned a level 5 spell: Lee's Rapid Deconstruction
 17876 | Lair:2   | Learned a level 5 spell: Borgnjor's Vile Clutch
 18002 | Lair:2   | Reached skill level 3 in Earth Magic
 18201 | Lair:2   | Reached skill level 4 in Earth Magic
 18545 | Lair:3   | Reached skill level 5 in Earth Magic
 18666 | Lair:3   | Reached skill level 11 in Dodging
 19053 | Lair:3   | Reached skill level 6 in Earth Magic
 19202 | Lair:3   | Found a staircase to the Shoals.
 19608 | Lair:4   | Reached ****** piety under Hepliaklqana
 19748 | Lair:4   | Found a staircase to the Slime Pits.
 19751 | Lair:4   | Found a viscous altar of Jiyva.
 19921 | Lair:4   | Found a runed translucent door.
 19925 | Lair:4   | Noticed Laummuim's ghost (journeyman FeFi)
 20132 | Lair:4   | Noticed Rupert
 20141 | Lair:4   | Killed Rupert
 20155 | Lair:4   | Reached skill level 7 in Earth Magic
 20451 | Lair:4   | Killed Laummuim's ghost
 20460 | Lair:4   | Identified the +0 leather armour "Zirarch" {Int+7}
 20489 | Lair:5   | Entered Level 5 of the Lair of Beasts
 20710 | Lair:5   | Reached skill level 8 in Earth Magic
 20720 | Lair:5   | Reached skill level 12 in Dodging
 20773 | Lair:5   | Reached XP level 16. HP: 90/90 MP: 30/30
 21073 | Lair:5   | Reached skill level 9 in Earth Magic
 21792 | Lair:5   | Reached skill level 10 in Earth Magic
 22019 | Orc:1    | Entered Level 1 of the Orcish Mines
 22141 | Orc:2    | Entered Level 2 of the Orcish Mines
 22420 | Orc:2    | Found a staircase to the Elven Halls.
 22530 | Orc:2    | Reached skill level 5 in Shields
 22599 | Orc:2    | Reached skill level 13 in Dodging
 22606 | Orc:2    | Reached skill level 6 in Shields
 22661 | Orc:2    | Reached skill level 7 in Shields
 22887 | Orc:2    | Noticed Erolcha
 22918 | Orc:2    | Killed Erolcha
 23188 | Orc:2    | Found Wuiduuj's Weapon Emporium.
 23211 | Orc:2    | Found Joirex's Book Shoppe.
 23213 | Orc:2    | Found Bimyddaikh's Assorted Antiques.
 23225 | Orc:2    | Found Geallat's Armour Emporium.
 23246 | Orc:2    | Bought a +2 helmet of see invisible for 344 gold pieces
 23559 | Shoals:1 | Entered Level 1 of the Shoals
 23566 | Shoals:1 | Reached skill level 8 in Shields
 23656 | Shoals:1 | Reached skill level 1 in Necromancy
 23667 | Shoals:1 | Noticed Josephine
 23672 | Shoals:1 | Killed Josephine
 23703 | Shoals:1 | Reached skill level 2 in Necromancy
 23856 | Shoals:1 | Reached skill level 9 in Shields
 23856 | Shoals:1 | Reached skill level 3 in Necromancy
 24432 | Shoals:1 | Reached XP level 17. HP: 95/95 MP: 31/31
 24876 | Shoals:2 | Reached skill level 4 in Necromancy
 25018 | Shoals:2 | Reached skill level 10 in Shields
 25265 | Shoals:2 | Found the +8 frozen axe "Frostbite" {freezing cloud, *Noise
                  | Fly rC+}
 25321 | Shoals:2 | Noticed a kraken
 25341 | Shoals:2 | Killed a kraken
 25642 | Shoals:3 | Found Efeesan's Armour Boutique.
 25737 | Shoals:3 | Reached skill level 5 in Necromancy
 26086 | Shoals:3 | Reached skill level 11 in Shields
 26287 | Shoals:3 | Found Uxickyt's Jewellery Boutique.
 26485 | Shoals:3 | Found Sawkor's Antique Armour Emporium.
 26490 | Shoals:3 | Found Zuale's Book Emporium.
 26508 | Shoals:3 | Bought a distressingly furry leather armour for 154 gold
                  | pieces
 26508 | Shoals:3 | Identified the +1 leather armour of Unkaotoga {Str+4} (You
                  | bought it in a shop on level 3 of the Shoals)
 26508 | Shoals:3 | Bought a scorched leather armour for 154 gold pieces
 26508 | Shoals:3 | Identified the +1 leather armour of the Alphagorgon {rCorr
                  | Int+4} (You bought it in a shop on level 3 of the Shoals)
 26620 | Shoals:4 | Entered Level 4 of the Shoals
 26677 | Shoals:4 | Reached skill level 6 in Necromancy
 27133 | Shoals:4 | Reached skill level 12 in Shields
 27133 | Shoals:4 | Reached skill level 7 in Necromancy
 27224 | Shoals:4 | Got a barnacled rune of Zot
 27228 | Shoals:4 | Identified the +3 leather armour "Vavae" {rPois rF+ Int+3
                  | Dex+5 Stlth-}
 27593 | Shoals:4 | Reached skill level 8 in Necromancy
 27892 | Spider:1 | Entered Level 1 of the Spider Nest
 28039 | Spider:1 | Reached XP level 18. HP: 100/100 MP: 32/32
 28067 | Spider:1 | Reached skill level 9 in Necromancy
 28759 | Spider:1 | Noticed Mlioglotl
 28768 | Spider:1 | Killed Mlioglotl
 29157 | Spider:2 | Reached skill level 10 in Necromancy
 29572 | Spider:2 | Reached skill level 11 in Earth Magic
 29796 | Spider:2 | Identified the +6 lajatang "Xaotaxko" {elec, rElec}
 29800 | Spider:2 | You are sucked into a shaft and drop 1 floor!
 30040 | Spider:3 | Reached skill level 13 in Fighting
 30102 | Spider:3 | Identified the +0 pair of gloves "Ujouxel" {rPois rF+}
 30102 | Spider:3 | Noticed Nikola
 30128 | Spider:3 | Killed Nikola
 31053 | Spider:4 | Entered Level 4 of the Spider Nest
 31325 | Spider:3 | Reached skill level 12 in Earth Magic
 31719 | Spider:4 | Reached skill level 11 in Necromancy
 31787 | Spider:4 | Reached XP level 19. HP: 88/108 MP: 33/33
 32348 | Spider:4 | Identified the +1 robe of the Enfolding Gods {Drain rPois
                  | Str+8 Dex-2}
 32405 | Spider:4 | Reached skill level 14 in Fighting
 32431 | Spider:4 | Reached skill level 13 in Earth Magic
 32726 | Spider:4 | Got a gossamer rune of Zot
 33217 | Vaults:1 | Entered Level 1 of the Vaults
 33655 | Vaults:1 | Reached skill level 12 in Necromancy
 33688 | Vaults:1 | Reached skill level 15 in Fighting
 33880 | Vaults:1 | Found a transporter.
 33900 | Vaults:1 | Found a transporter.
 33900 | Vaults:1 | Found a transporter.
 33903 | Vaults:1 | Identified the amulet "Qohaetaj" {Faith rC+}
 33915 | Vaults:1 | Found a transporter.
 33938 | Vaults:1 | Got the Catalogue of the Grave
 34022 | Vaults:1 | Found a transporter.
 34551 | Vaults:1 | Identified the ring of Darkness {rC+ rN+ Str+6}
 34793 | Vaults:2 | Reached skill level 16 in Fighting
 34895 | Vaults:2 | Reached XP level 20. HP: 83/117 MP: 34/34
 34954 | Vaults:2 | Noticed Xtahua
 34963 | Vaults:2 | Killed Xtahua
 34964 | Vaults:2 | Reached skill level 13 in Necromancy
 35122 | Vaults:2 | HP: 26/118 [yaktaur/bolt[a vault warden] (25)]
 35660 | Vaults:2 | Found a staircase to the Crypt.
 35660 | Vaults:2 | Found an ancient bone altar of Kikubaaqudgha.
 35660 | Vaults:2 | Found a basalt altar of Yredelemnul.
 35677 | Vaults:2 | Reached skill level 17 in Fighting
 35947 | Vaults:2 | Noticed Asterion
 35963 | Vaults:2 | Killed Asterion
 36121 | Vaults:2 | Reached skill level 16 in Ranged Weapons
 36836 | Vaults:3 | Noticed Zenata
 36840 | Vaults:3 | Reached skill level 18 in Fighting
 36857 | Vaults:3 | HP: 17/122 [Zenata/a resonance strike (29)]
 36863 | Vaults:3 | HP: 28/122 [+1 antimagic trident[Zenata] (9)]
 36866 | Vaults:3 | Killed Zenata
 37083 | Vaults:3 | Reached skill level 17 in Ranged Weapons
 37083 | Vaults:3 | Reached XP level 21. HP: 127/127 MP: 35/35
 37586 | Vaults:3 | Identified the +1 robe of Fallacy {+Blink Will- Int+5}
 37890 | Vaults:3 | Reached skill level 19 in Fighting
 38272 | Vaults:4 | Reached skill level 18 in Ranged Weapons
 38477 | Vaults:4 | Noticed a golden dragon
 38498 | Vaults:4 | Killed a golden dragon
 38611 | Vaults:4 | Reached skill level 20 in Fighting
 39618 | D:6      | Bought the ring of Jessa {Fire rPois Slay+5} for 800 gold
                  | pieces
 40112 | Crypt:1  | Entered Level 1 of the Crypt
 40459 | Crypt:1  | Noticed yalue's ghost (adept MiFi)
 40459 | Crypt:1  | Noticed a royal mummy
 40493 | Crypt:1  | Reached skill level 21 in Fighting
 40535 | Crypt:1  | Found a transporter.
 40555 | Crypt:1  | Found a transporter.
 40994 | Crypt:1  | Reached XP level 22. HP: 139/139 MP: 36/36
 41157 | Crypt:1  | Found a basalt altar of Yredelemnul.
 41477 | Crypt:2  | Got Gidwa's Commentary on Assembling and the Wind
 42013 | Crypt:2  | Reached skill level 22 in Fighting
 42229 | Crypt:3  | Entered Level 3 of the Crypt
 42236 | Crypt:3  | Paralysed by a vampire knight for 3 turns
 42357 | Crypt:3  | Found a staircase to the Tomb.
 42630 | Crypt:3  | Reached skill level 23 in Fighting
 42630 | Crypt:3  | Found an ancient bone altar of Kikubaaqudgha.
 43012 | Crypt:3  | Noticed a dread lich
 43039 | Crypt:3  | Killed a dread lich
 43164 | Crypt:3  | Found the +8 Vampire's Tooth {vamp}
 43191 | Crypt:3  | Identified the ring of Cheibriados, Hurtling {Will+ Int+2
                  | Dex+4}
 43236 | Crypt:3  | Identified the amulet of Okuubon {Reflect *Corrode Regen+
                  | Str+7 SH+5 SInv}
 43315 | Crypt:3  | Identified the ring of the Eagle {rElec rF+ rN+ Int-3}
 43315 | Crypt:3  | Identified the ring "Zomadar" {rN+ Dex+6}
 43315 | Crypt:3  | Identified the ring of a Million Curses {rN+ Str+4 Dex+2}
 43735 | Crypt:3  | Reached skill level 24 in Fighting
 44728 | D:13     | Bought a +4 ring of slaying for 936 gold pieces
 44957 | Shoals:3 | Bought a +4 ring of protection for 396 gold pieces
 45239 | Elf:1    | Entered Level 1 of the Elven Halls
 45251 | Elf:1    | Reached XP level 23. HP: 151/151 MP: 37/37
 45264 | Elf:1    | Found a radiant altar of Vehumet.
 45423 | Elf:1    | Got the Spellbook of Unhallowed Secrets
 45478 | Elf:1    | Identified the +1 leather armour of Quhuas {rC- rN+ Will+}
 45484 | Elf:1    | Found a radiant altar of Vehumet.
 45632 | Elf:1    | Found Zural's Jewellery Emporium.
 45633 | Elf:1    | Found Esapseew's Book Boutique.
 45634 | Elf:1    | Found Editwoga's Jewellery Emporium.
 45694 | Elf:1    | Learned a level 4 spell: Passage of Golubria
 45843 | Elf:1    | Found a portal to a secret trove of treasure.
 45895 | Elf:2    | Reached skill level 1 in Translocations
 45991 | Elf:2    | Reached skill level 2 in Translocations
 46223 | Elf:2    | Reached skill level 3 in Translocations
 46247 | Elf:2    | Identified the +3 leather armour "Wocw" {Will+ Str+3}
 46288 | Elf:2    | Found a huge runed translucent gate.
 46288 | Elf:2    | Found a huge runed translucent gate.
 46294 | Elf:2    | Found a huge runed translucent gate.
 46295 | Elf:2    | Found a huge runed translucent gate.
 46295 | Elf:2    | Found a huge runed translucent gate.
 46518 | Elf:2    | Reached skill level 13 in Armour
 46650 | Elf:2    | Reached skill level 4 in Translocations
 46862 | Elf:3    | Entered Level 3 of the Elven Halls
 46863 | Elf:3    | Paralysed by an air elemental for 1 turns
 47004 | Elf:3    | Reached skill level 5 in Translocations
 47105 | Elf:3    | Identified the +5 great mace "Ogujol" {freeze, rCorr}
 47107 | Elf:3    | Identified the +1 plate armour "Jezi" {Contam +Blink rPois
                  | Str-2}
 47134 | Elf:3    | Reached skill level 14 in Armour
 47134 | Elf:3    | Reached skill level 6 in Translocations
 47245 | Elf:3    | Identified the +7 mace "Ycyzomp" {vorpal, rElec Str+4 Dex-2
                  | Stlth+}
 47677 | Elf:3    | Reached skill level 7 in Translocations
 48361 | D:6      | Bought the +8 demon blade "Leech" {vamp, Harm Drain rN+}
                  | for 2265 gold pieces
 48361 | D:6      | Found the +8 demon blade "Leech" {vamp, Harm Drain rN+}
 48634 | Elf:1    | You paid a toll of the demon blade "Leech" to enter a
                  | treasure trove
 48635 | Trove    | Entered a treasure trove
 48637 | Trove    | Found the +15 Maxwell's patent armour {-Cast -Tele rElec
                  | Will+ rCorr}
 48641 | Trove    | Identified the +5 plate armour "Ohudin" {rElec rN+++ Int-5
                  | Dex+2}
 48643 | Trove    | Identified the +0 crystal plate armour of Dunig {Rampage
                  | Drain Str+3 SInv}
 48649 | Trove    | Identified the +1 pair of gloves of the Lute {rPois rF++
                  | rCorr}
 48658 | Trove    | Identified the +0 scale mail of the Gate {Will+}
 48660 | Trove    | Identified the -1 helmet "Cezoqon" {rElec Dex+4}
 48662 | Trove    | Identified the +1 buckler of Beauty {rElec Str-2 Dex+8
                  | Stlth-}
 48664 | Trove    | Identified the +0 pair of boots "Xugg" {SInv}
 48667 | Trove    | Found the +10 tower shield of Ignorance {rN+ Int-4}
 48675 | Trove    | Identified the +1 chain mail of Ofo Jurch {rPois rN++ Str+4
                  | Int-4}
 49324 | Depths:1 | Entered Level 1 of the Depths
 49403 | D:15     | Reached skill level 15 in Armour
 49406 | D:15     | Reached XP level 24. HP: 149/157 MP: 37/37
 49576 | D:15     | Reached skill level 8 in Translocations
 50265 | Depths:1 | Acquired 669 gold pieces
 50282 | Depths:1 | Found a gateway to Hell.
 50409 | Depths:1 | Found Buosir's Book Shoppe.
 50409 | Depths:1 | Found Lacziriu's Book Emporium.
 50410 | Depths:1 | Found Xadwieto's General Store.
 50414 | Depths:1 | Bought a scroll of blinking for 97 gold pieces
 50414 | Depths:1 | Bought a scroll of teleportation for 39 gold pieces
 50414 | Depths:1 | Bought a potion of heal wounds for 65 gold pieces
 50414 | Depths:1 | Found Fopuggoz's Armour Shoppe.
 50728 | Depths:1 | Reached skill level 9 in Translocations
 50794 | Depths:1 | Reached skill level 16 in Armour
 50921 | Depths:1 | Found a one-way gateway to a ziggurat.
 50947 | Depths:1 | Found a glowing silver altar of Zin.
 51217 | Depths:2 | You are sucked into a shaft and drop 1 floor!
 51217 | Depths:3 | Noticed Frederick
 51231 | Depths:3 | Killed Frederick
 51309 | Depths:3 | Found a one-way gate to the infinite horrors of the Abyss.
 51925 | Depths:2 | Noticed Bai Suzhen
 51937 | Depths:2 | Killed Bai Suzhen
 51938 | Depths:2 | Reached skill level 10 in Translocations
 52013 | Depths:2 | Reached skill level 14 in Earth Magic
 52351 | Depths:2 | Reached skill level 15 in Earth Magic
 52517 | Depths:2 | Identified the +2 robe of Parts Unknown {rC+ Dex+2 Stlth+}
 52517 | Depths:2 | Identified the ring of Moodiness {rC+ Will+}
 52523 | Depths:2 | Found the necklace of Bloodlust {*Rage Will++ Int-3 Slay+6}
 53079 | Depths:2 | Found the amulet of Vitality {RegenMP++ Regen++}
 53335 | Depths:2 | Noticed Sojobo
 53343 | Depths:2 | Paralysed by an air elemental for 1 turns
 53345 | Depths:2 | Killed Sojobo
 53346 | Depths:2 | Reached skill level 16 in Earth Magic
 53404 | Depths:2 | Found a one-way gate leading to the halls of Pandemonium.
 53520 | Hell     | Entered the Vestibule of Hell
 53522 | Hell     | Noticed Geryon
 53992 | Depths:2 | Reached skill level 11 in Spellcasting
 54152 | Hell     | Reached XP level 25. HP: 142/162 MP: 38/38
 55026 | Hell     | Killed Geryon
 55088 | Hell     | Found a gateway to the freezing wastes of Cocytus.
 55105 | Hell     | Reached skill level 17 in Earth Magic
 55120 | Hell     | Found a gateway to the Iron City of Dis.
 55552 | Depths:2 | Reached skill level 12 in Spellcasting
 55857 | Hell     | Found a gateway to the decaying netherworld of Tartarus.
 55930 | Hell     | Found a gateway to the ashen valley of Gehenna.
 56372 | Vaults:5 | Entered Level 5 of the Vaults
 56401 | Vaults:4 | Reached skill level 18 in Earth Magic
 56404 | Vaults:5 | Noticed a dread lich
 56504 | Vaults:5 | Noticed a dread lich
 56758 | Vaults:4 | Killed a dread lich
 56759 | Vaults:4 | Reached skill level 13 in Spellcasting
 56767 | Vaults:4 | Killed a dread lich
 57114 | Vaults:4 | Reached skill level 14 in Spellcasting
 57240 | Vaults:5 | Identified the +6 rapier "Urrujuly" {drain, *Noise rF++ rN+
                  | Dex+2}
 57670 | Vaults:5 | Got the Teachings on the Algid Compass
 57711 | Vaults:4 | Learned a level 2 spell: Blink
 57715 | Vaults:4 | Learned a level 3 spell: Portal Projectile
 57774 | Vaults:5 | Reached skill level 1 in Hexes
 57837 | Vaults:5 | Reached skill level 2 in Hexes
 57933 | Vaults:5 | Identified the ring of Huedghal {rElec rCorr}
 58155 | Vaults:5 | Identified the +3 halberd of Infection {vorpal, Int+3}
 58161 | Vaults:5 | Learned a level 4 spell: Petrify
 58196 | Vaults:5 | Reached skill level 15 in Spellcasting
 58202 | Vaults:5 | Reached skill level 3 in Hexes
 58271 | Vaults:5 | Acquired 689 gold pieces
 58282 | Vaults:5 | Reached XP level 26. HP: 167/168 MP: 42/42
 58302 | Vaults:5 | Reached skill level 4 in Hexes
 58477 | Vaults:5 | Reached skill level 5 in Hexes
 58588 | Vaults:5 | Got a silver rune of Zot
 58916 | Vaults:5 | Reached skill level 6 in Hexes
 58918 | Vaults:5 | Identified the quicksilver dragon scales "Pofripha" {rElec
                  | Will+ Regen+ Int+2}
 59375 | Depths:3 | Reached skill level 7 in Hexes
 59442 | Depths:3 | Found Veraib's Antique Armour Emporium.
 59446 | Depths:3 | Found a shadowy altar of Dithmenos.
 59514 | Depths:3 | Found a sparkling altar of Nemelex Xobeh.
 59590 | Depths:3 | Reached skill level 1 in Transmutations
 59851 | Depths:3 | Noticed Boris
 59856 | Depths:3 | Reached skill level 2 in Transmutations
 60247 | Depths:3 | Reached skill level 3 in Transmutations
 60279 | Depths:3 | Identified the +4 plate armour "Saonwy" {rPois}
 60391 | Depths:4 | Entered Level 4 of the Depths
 60456 | Depths:3 | Killed Boris
 60731 | Depths:4 | Reached skill level 4 in Transmutations
 61018 | Depths:4 | Reached skill level 5 in Transmutations
 61029 | Depths:4 | Found a gate to the Realm of Zot.
 61175 | Depths:4 | Reached skill level 19 in Ranged Weapons
 61440 | Zot:1    | Entered Level 1 of the Realm of Zot
 61482 | Zot:1    | Reached skill level 6 in Transmutations
 61579 | Zot:1    | HP: 42/168 [black draconian knight/+1 great mace of
                  | protection[a red draconian scorcher] (21)]
 61581 | Zot:1    | HP: 11/252 [black draconian knight/+1 great mace of
                  | protection[a red draconian scorcher] (24)]
 61582 | Zot:1    | HP: 4/252 [black draconian knight/bolt of lightning[a red
                  | draconian scorcher] (6)]
 61587 | Zot:1    | HP: 17/168 [black draconian knight/bolt of cold[a red
                  | draconian scorcher] (11)]
 62283 | Depths:4 | HP: 42/168 [yellow draconian annihilator/iron shot[a red
                  | draconian scorcher] (21)]
 62925 | Zot:1    | Identified the +8 morningstar "Waiffex" {protect, +Blink
                  | rPois rF+ Dex+4}
 63589 | Depths:4 | Reached skill level 20 in Ranged Weapons
 63760 | Zot:1    | Reached XP level 27. HP: 171/172 MP: 42/42
 63917 | Zot:2    | You are sucked into a shaft and drop 1 floor!
 65094 | Slime:1  | Entered Level 1 of the Pits of Slime
 65130 | Lair:4   | Reached skill level 2 in Stealth
 65346 | Lair:4   | Reached skill level 17 in Armour
 65494 | Slime:1  | Reached skill level 3 in Stealth
 65649 | Slime:1  | Reached skill level 4 in Stealth
 65657 | Slime:2  | Reached skill level 14 in Dodging
 65786 | Slime:2  | Reached skill level 5 in Stealth
 65883 | Slime:4  | Reached skill level 6 in Stealth
 66074 | Slime:5  | Entered Level 5 of the Pits of Slime
 66094 | Slime:5  | Noticed the Royal Jelly
 66096 | Slime:5  | Reached skill level 7 in Stealth
 66277 | Slime:3  | Gained mutation: You occasionally shout uncontrollably at
                  | your foes. [a shining eye]
 66639 | Slime:5  | Reached skill level 8 in Stealth
 66821 | Slime:5  | Killed the Royal Jelly
 67134 | Slime:3  | HP: 31/172 [rockslime[the Royal Jelly] (17)]
 67587 | Slime:5  | Reached skill level 9 in Stealth
 67607 | Slime:5  | Reached skill level 15 in Dodging
 67665 | Slime:5  | Identified the +1 ring mail "Wibu" {Harm rElec Str+4 Int-3}
 67668 | Slime:5  | Got a slimy rune of Zot
 67700 | Slime:5  | Identified the +8 arbalest of the Shifting Gods {flame,
                  | rC++ Int-2 Dex+2 SInv}
 67720 | Slime:5  | Identified the +9 glaive "Gifolar" {vorpal, rElec Will+}
 67745 | Slime:5  | Identified the ring of Eternity {rElec rPois Int+3}
 68771 | D:6      | Bought a scroll of teleportation for 72 gold pieces
 68771 | D:6      | Bought a scroll of teleportation for 72 gold pieces
 68771 | D:6      | Bought a scroll of blinking for 180 gold pieces
 68771 | D:6      | Bought a potion of heal wounds for 120 gold pieces
 68771 | D:6      | Bought a scroll of summoning for 228 gold pieces
 68771 | D:6      | Bought a potion of invisibility for 192 gold pieces
 68903 | D:1      | Bought a potion of brilliance for 40 gold pieces
 68903 | D:1      | Bought 2 potions of heal wounds for 100 gold pieces
 68903 | D:1      | Bought a potion of heal wounds for 50 gold pieces
 68903 | D:1      | Bought a potion of heal wounds for 50 gold pieces
 68903 | D:1      | Bought 2 potions of heal wounds for 100 gold pieces
 68903 | D:1      | Bought 2 potions of lignification for 60 gold pieces
 69178 | Orc:2    | Bought a There-And-Back Book for 450 gold pieces
 69248 | Elf:1    | Bought a manual of Dodging for 1120 gold pieces
 69859 | Depths:3 | Voluntarily entered the Abyss.
 69954 | Abyss:1  | Reached skill level 10 in Stealth
 70076 | Abyss:2  | Noticed a dread lich
 70084 | Abyss:2  | Killed a dread lich
 70099 | Abyss:4  | Found a corrupted altar of Lugonu.
 70170 | Abyss:5  | Got an abyssal rune of Zot
 70176 | Depths:3 | Escaped the Abyss
 70285 | Pan      | Entered Pandemonium
 71008 | Pan      | Gained mutation: You frequently scream uncontrollably at
                  | your foes. [a cacodemon]
 71010 | Pan      | Reached skill level 16 in Dodging
 71325 | Pan      | Noticed Boucez the pandemonium lord
 71378 | Pan      | Killed Boucez the pandemonium lord
 71379 | Pan      | Reached skill level 19 in Earth Magic
 71696 | Pan      | Got a demonic rune of Zot
 71831 | Pan      | HP: 39/172 [demonspawn blood saint/+0 dagger (10)]
 71832 | Pan      | HP: 11/172 [balrug/divine providence (16)]
 72259 | Pan      | Reached skill level 16 in Spellcasting
 72409 | Pan      | Entered the realm of Lom Lobon.
 72423 | Pan      | Noticed Lom Lobon
 72451 | Pan      | HP: 40/172 [yellow draconian annihilator/poison arrow (8)]
 72466 | Pan      | HP: 16/172 [titan/bolt of lightning (16)]
 72858 | Pan      | Noticed Mennas
 72874 | Pan      | Killed Mennas
 72875 | Pan      | Reached skill level 17 in Dodging
 73398 | Pan      | HP: 21/172 [Lom Lobon/great icy blast (39)]
 73407 | Pan      | Got a magical rune of Zot
 73409 | Pan      | HP: 30/172 [smoke demon/divine providence[a glowing orange
                  | brain] (16)]
 73414 | Pan      | HP: 30/172 [spore (6)]
 73424 | Pan      | HP: 21/172 [wind drake/the air (12)]
 73429 | Pan      | HP: 30/172 [wind drake/the air (16)]
 73438 | Pan      | HP: 29/172 [spriggan air mage/bolt of lightning (4)]
 73441 | Pan      | Reached skill level 20 in Earth Magic
 73446 | Pan      | HP: 25/172 [spriggan air mage (2)]
 73965 | Pan      | Entered the realm of Mnoleg.
 74053 | Pan      | Gained mutation: You occasionally lose the ability to drink
                  | potions when taking damage. [a cacodemon]
 74322 | Pan      | Gained mutation: You have a pair of small horns on your
                  | head. [a cacodemon]
 74428 | Pan      | Noticed Mnoleg
 74439 | Pan      | Killed Mnoleg
 74440 | Pan      | Reached skill level 18 in Dodging
 74475 | Pan      | Got a glowing rune of Zot
 74500 | Pan      | Reached skill level 17 in Spellcasting
 74620 | Pan      | Noticed Paecvy the pandemonium lord
 74818 | Pan      | Entered the realm of Gloorx Vloq.
 74824 | Pan      | Noticed Lom Lobon
 74841 | Pan      | HP: 35/172 [spore (16)]
 74898 | Pan      | Lost mutation: You have a pair of small horns on your head.
                  | [potion of mutation]
 74898 | Pan      | Lost mutation: You occasionally lose the ability to drink
                  | potions when taking damage. [potion of mutation]
 74898 | Pan      | Lost mutation: You frequently scream uncontrollably at your
                  | foes. [potion of mutation]
 74898 | Pan      | Gained mutation: You have a pair of small antennae on your
                  | head. [potion of mutation]
 74898 | Pan      | Gained mutation: You are robust. (+10% HP) [potion of
                  | mutation]
 74898 | Pan      | Gained mutation: You have a somewhat thin skeletal
                  | structure. (Dex +2, Stealth+) [potion of mutation]
 74899 | Pan      | Lost mutation: You occasionally shout uncontrollably at
                  | your foes. [potion of mutation]
 74899 | Pan      | Lost mutation: You have a somewhat thin skeletal structure.
                  | (Dex +2, Stealth+) [potion of mutation]
 74899 | Pan      | Lost mutation: You are robust. (+10% HP) [potion of
                  | mutation]
 74899 | Pan      | Gained mutation: You have hidden genetic potential. [potion
                  | of mutation]
 74900 | Pan      | Lost mutation: You have hidden genetic potential. [potion
                  | of mutation]
 74900 | Pan      | Lost mutation: You have a pair of small antennae on your
                  | head. [potion of mutation]
 74900 | Pan      | Gained mutation: You are partially covered in iridescent
                  | scales. (AC +2) [potion of mutation]
 75195 | Pan      | HP: 36/172 [Lom Lobon (11)]
 75197 | Pan      | Killed from afar by Lom Lobon

Illustrated notes

Levels and vault maps discovered:
D:1:      minmay_arrival_radiant_lines, layout_basic, serial_shops, shop,
          nicolae_shop_bloodbath_and_beyond, hellmonk_ecumenical_altar_lost_god
D:2:      layout_loops_corners, basic_altar, minmay_tetromino_l2
D:3:      layout_loops_corners, marbit_many_paths, okawaru_metal_pillars_1_2,
          lemuel_tele_altar, uniq_terence
D:4:      layout_cave_pods, lemuel_crystal_altar, minmay_temple_entry_crystal_x,
          lightli_corner_chamber
D:5:      layout_rooms, minmay_shop_damaged
D:6:      layout_cave_pods, elyvilon_altar_4, serial_shops, shop,
          nicolae_shop_behind_doors, nicolae_shop_behind_doors,
          nicolae_shop_statue_plus
D:7:      minmay_the_grid_plus [minmay_the_grid_outer_diamond,
          minmay_the_grid_gridbox, minmay_the_grid_eight,
          minmay_the_grid_odd_star, minmay_the_grid_prize_inner_circle],
          layout_loops_ring, kennysheep_generic_room_15
D:8:      layout_basic, chequers_temple_overflow_statue_of_worship,
          david_lair_generic, wad_dig_loot
D:9:      gammafunk_indiana_jones, layout_loops_ring, uniq_maggie, uniq_grum
D:10:     layout_basic, mainiacjoe_overflow_chevrons, amcnicky_altar_gilded,
          grunt_ogre_cave
D:11:     layout_loops_corners, hive_lemuel
D:12:     layout_rooms, minmay_orc_entry_temple_small
D:13:     layout_loops_corners, serial_shops, nicolae_diamond_shop,
          gauntlet_entry_generic, nicolae_vehumet_radiance, uniq_lodul
D:14:     layout_basic, david_vaults_2, hangedman_decor_push
D:15:     gammafunk_enter_depths_forms, layout_rooms, serial_park_square3
          [serial_park_minivault_5x5_2]
Temple:   nicolae_temple_no_exploring_needed
Lair:1:   layout_gridlike, portal_ice_cave_rime, grunt_forest_large_clearings,
          grunt_megastairs_4, lemuel_fruit_tree, serial_bayou_shore_b,
          serial_bayou_shore_a, infiniplex_staircase_pool
Lair:2:   layout_hall_layers, nicolae_spider_entry_non_spiders,
          beast_lair_carwin_4, grunt_megastairs_1, lemuel_fruit_fields,
          serial_bayou_shore_b, lemuel_fruit_fields
Lair:3:   layout_cave_pods, minmay_shoals_entry_beasts
Lair:4:   layout_loops_ring, nicolae_slime_entry_slimehenge,
          ebering_ghost_reflecting_pool, uniq_rupert
Lair:5:   guppyfry_lair_end_dragon, layout_regular_city,
          hangedman_lair_tendril_chambers, kennysheep_basilisk_garden
Shoals:1: layout_shoals, st_sunken_temple, uniq_josephine
Shoals:2: layout_shoals
Shoals:3: cheibrodos_shoals_baths, layout_shoals, serial_shops, shop,
          nicolae_diamond_shop, shop_statue, nicolae_diamond_shop
Shoals:4: shoals_end_hellmonk_storm_palace [storm_palace_center_square,
          storm_palace_corner_grid, storm_palace_corner_blocked,
          storm_palace_corner_narrow, storm_palace_corner_pillars]
Spider:1: layout_spider_delve, nicolae_spider_eight_legs, uniq_mlioglotl
Spider:2: layout_spider_delve
Spider:3: layout_spider_delve, uniq_nikola
Spider:4: guppyfry_spider_rune
Slime:1:  layout_caves
Slime:2:  layout_caves
Slime:3:  layout_caves
Slime:4:  layout_caves
Slime:5
Orc:1:    layout_diamond_mine, serial_shops
Orc:2:    st_orc_open, layout_caves, uniq_erolcha
Elf:1:    eino_elf_arrival_altar, layout_rooms, basic_altar, enter_trove_2,
          minmay_elf_necromancy, minmay_shop_grove
Elf:2:    elven_hall_of_blades_hangedman_alternative
          [nicolae_vaults_blade_armed_guards], layout_gridlike,
          grunt_megastairs_5
Elf:3:    grunt_elf_hall_asides, layout_gridlike
Vaults:1: hangedman_vaults_stagger, vaults_room_pool, hangedman_vaults_snaps,
          gammafunk_the_bubble [the_bubble_gammafunk_roulette],
          hangedman_vaults_nodes, ontoclasm_vaults_idyll,
          nicolae_vaults_little_squares_4, nicolae_vaults_border_crossing,
          ontoclasm_vaults_bender, hangedman_vaults_corner_blocks,
          ontoclasm_vaults_loading_screen, nicolae_vaults_little_squares_4,
          layout_vaults_omnibox
Vaults:2: v_misc_13, nicolae_vaults_puzzle_piece, hangedman_vaults_slither,
          v_alt_pattern_5, dpeg_vaults_monster_row,
          minmay_crypt_entry_necro_gods, vaults_room_semicircle,
          layout_vaults_omnigrid, uniq_xtahua, uniq_asterion
Vaults:3: v_pattern_2, hangedman_vaults_pinch, v_misc_2,
          hangedman_vaults_capsules, vaults_mumra_minichess_inversion,
          v_misc_32, nicolae_vaults_big_angled_halls,
          vaults_dpeg_emergency_exit, layout_vaults_chaotic_city, uniq_zenata
Vaults:4: v_misc_2, ontoclasm_vaults_ring_large, v_misc_3,
          nicolae_vaults_diagonal_hallway_9, nicolae_vaults_specimen_jars,
          nicolae_vaults_network_s, nicolae_vaults_network_quincunx
          [nicolae_vaults_network_quincunx_subvault,
          nicolae_vaults_network_quincunx_subvault,
          nicolae_vaults_network_quincunx_subvault,
          nicolae_vaults_network_quincunx_subvault,
          nicolae_vaults_network_quincunx_subvault], vaults_room_glass_cross,
          grunt_vaults_swirl, nicolae_vaults_diagonal_hallway_7,
          ontoclasm_vaults_gateway, layout_vaults_maze
Vaults:5
Crypt:1:  layout_gridlike, nzn_ghost_randoct, basic_altar
Crypt:2:  layout_misc_corridors
Crypt:3:  church_of_pain_bobbens, layout_chaotic_city,
          tomb_entry_forgotten_bobbens, minivault_23, uniq_grunn, uniq_josephina
Depths:1: layout_cross, enter_ziggurat_f, zin_angel, hell_entry,
          minmay_tree_intersection, kennysheep_kite_vault, minmay_shoptagon
Depths:2: little_maze_vault, layout_cave_pools, grunt_pan_entry_spiral,
          chequers_serial_rivers_large_b, grunt_hell_entry_dis_grunt,
          uniq_sojobo, uniq_bai_suzhen
Depths:3: hangedman_arch_fort, layout_cave_pools, abyss_entry, serial_shops,
          shop, pan_entry, hell_entry, nemelex_diamond_rough_becter,
          grunt_dithmenos_smoke, uniq_frederick, uniq_boris
Depths:4: grunt_zot_entry_hairpin, layout_gridville, rand_demon_pan_entry_8,
          minmay_misc_feat_diagonals, hell_entry
Hell
Zot:1:    layout_basic, grunt_megastairs_2
Zot:2:    grunt_twist_and_shout, layout_onion, gammafunk_ghost_berserking_beasts
Zot:3:    layout_misc_corridors, grunt_ministairs_15
Pan:      gammafunk_its_a_trap, layout_chambers, grunt_pan_frozen_over,
          layout_small_grid, pan_blood_fountain_small,
          evilmike_mini_pan_possible_glass, layout_irregular_city,
          nicolae_pan_sick_transit, nicolae_pan_giant_door, layout_small_grid,
          reaverb_pan_squares, pan_captured_pigsty, nicolae_pan_sigil_obb,
          lom_lobon_grunt_wind_tunnels, layout_basic, uniq_mennas_pan,
          mnoleg_st, layout_onion_city, nicolae_pan_hourglass, layout_chambers,
          nicolae_pan_door_chamber, layout_small_grid, gloorx_vloq_st,
          layout_rooms, uniq_lom_lobon

Skill      XL: |  1  2  3  4  5  6  7  8  9 10 11 12 13 14 15 16 17 18 19 20 21 22 23 24 25 26 27 |
---------------+----------------------------------------------------------------------------------+-----
Fighting       | 3 4 5 7 9 10 12 13 16 18 21 24 | 24.8
Ranged Weapons | 5 6 7 8 10 12 13 15 17 18 20 | 20.3
Dodging        | 4 9 10 12 13 18 | 18.3
Shields        | 3 4 9 12 | 12.1
Invocations    | 3 8 10 | 10.0
Armour         | 6 11 12 15 16 17 | 17.0
Spellcasting   | 5 9 10 11 15 17 | 17.1
Earth Magic    | 8 10 12 13 16 18 20 | 20.8
Necromancy     | 3 8 11 12 13 | 13.0
Translocations | 7 10 | 10.0
Hexes          | 3 7 |  7.0
Transmutations | 6 |  6.0
Stealth        | 10 | 10.0

Action                   |  1- 3 |  4- 6 |  7- 9 | 10-12 | 13-15 | 16-18 | 19-21 | 22-24 | 25-27 || total
-------------------------+-------+-------+-------+-------+-------+-------+-------+-------+-------++-------
Melee: Greatsling        |       |       |       |     8 |       |       |       |       |       ||     8
 Fire: Shortbow          |   132 |    97 |    31 |       |       |       |       |       |       ||   260
       Greatsling        |       |       |   122 |   373 |  1088 |  1813 |  1441 |  1679 |  2223 ||  8739
       Hand crossbow     |       |       |       |       |       |       |       |       |   180 ||   180
Throw: Dart              |     2 |     4 |       |       |       |       |       |       |       ||     6
 Cast: Lee's Rapid Decon |       |       |       |       |       |       |     2 |     9 |       ||    11
       Portal Projectile |       |       |       |       |       |       |       |       |     3 ||     3
       Borgnjor's Vile C |       |       |       |       |       |       |       |       |     1 ||     1
Invok: Ancestor Life: Kn |       |       |     1 |       |       |       |       |       |       ||     1
       Recall Ancestor   |       |       |       |     2 |     4 |     2 |       |     5 |    31 ||    44
       Idealise          |       |       |       |     2 |       |     3 |     6 |     9 |    20 ||    40
       Transference      |       |       |       |       |       |       |     2 |       |       ||     2
Evoke: Horn of Geryon    |       |       |       |       |       |       |       |       |     1 ||     1
       Wand              |       |       |       |       |       |       |       |       |     1 ||     1
  Use: Scroll            |       |       |    16 |    12 |     4 |     2 |     1 |    14 |    24 ||    73
       Potion            |       |       |       |     1 |       |     1 |     3 |     1 |    33 ||    39
Armor: Leather armour    |    48 |    12 |     4 |    20 |       |    83 |    82 |    49 |       ||   298
       Steam dragon scal |       |       |       |       |   107 |    73 |    20 |       |       ||   200
       Ice dragon scales |       |       |       |       |       |       |    34 |   291 |   768 ||  1093
Dodge: Dodged            |    56 |    30 |    12 |    46 |   392 |   673 |   446 |   397 |   724 ||  2776
       Repelled          |       |       |       |       |       |       |       |     4 |       ||     4
Block: Buckler           |       |       |       |     9 |   205 |   409 |   236 |   370 |   546 ||  1775
       Reflection        |       |       |       |       |    14 |    36 |    34 |    41 |    64 ||   189

Table legend: (Time is in decaauts)
 A = Elapsed time spent in this place.
 B = Non-inter-level travel time spent in this place.
 C = Inter-level travel time spent in this place.
 D = Time resting spent in this place.
 E = Time spent auto-exploring this place.
 F = Levels seen in this place.
 G = Mean time per level.
                   A        B        C        D        E       F      G
               +--------+--------+--------+--------+--------+-----+--------+
         Total |  73399 |  62285 |  11114 |   1549 |  45996 |  72 | 1019.4 |
       Dungeon |  17962 |  12814 |   5148 |    289 |  10521 |  15 | 1197.5 |
        Temple |     15 |     10 |      5 |      0 |      0 |   1 |   15.0 |
          Lair |   6724 |   5892 |    832 |      0 |   4920 |   5 | 1344.8 |
        Shoals |   4246 |   3745 |    501 |      0 |   2960 |   4 | 1061.5 |
   Spider Nest |   4900 |   4649 |    251 |      9 |   3690 |   4 | 1225.0 |
    Slime Pits |   2600 |   2429 |    171 |    497 |   1297 |   5 |  520.0 |
  Orcish Mines |   1666 |   1209 |    457 |      0 |    651 |   2 |  833.0 |
   Elven Halls |   3091 |   2651 |    440 |     55 |   1510 |   3 | 1030.3 |
        Vaults |   9766 |   8029 |   1737 |    106 |   6185 |   5 | 1953.2 |
         Crypt |   4083 |   3781 |    302 |     23 |   2815 |   3 | 1361.0 |
        Depths |   9363 |   8245 |   1118 |    154 |   6844 |   4 | 2340.8 |
          Hell |    650 |    624 |     26 |      0 |    391 |   1 |  650.0 |
           Zot |   1797 |   1677 |    120 |      0 |   1119 |   3 |  599.0 |
         Abyss |    306 |    306 |      0 |      0 |      8 |   5 |   61.2 |
   Pandemonium |   4769 |   4769 |      0 |    416 |   2178 |   9 |  529.9 |
         Trove |     49 |     49 |      0 |      0 |      4 |   1 |   49.0 |
      Ice Cave |    835 |    835 |      0 |      0 |    644 |   1 |  835.0 |
      Gauntlet |    570 |    570 |      0 |      0 |    255 |   1 |  570.0 |
               +--------+--------+--------+--------+--------+-----+--------+

Top non-repeatable levels by time:
Depths:2: 4495 daAuts
Vaults:4: 2430 daAuts
Depths:4: 2261 daAuts
 Crypt:3: 2183 daAuts
Vaults:2: 2146 daAuts
    D:15: 1996 daAuts
Vaults:3: 1948 daAuts
Spider:1: 1786 daAuts
Vaults:1: 1731 daAuts
  Lair:2: 1650 daAuts
Vaults:5: 1509 daAuts
    D:10: 1498 daAuts
Spider:3: 1491 daAuts
    D:13: 1379 daAuts
     D:9: 1360 daAuts

Table legend:
 A = Kills in this place as a percentage of kills in entire the game.
 B = Kills by you in this place as a percentage of kills by you in the entire game.
 C = Kills by friends in this place as a percentage of kills by friends in the entire game.
 D = Other kills in this place as a percentage of other kills in the entire game.
 E = Experience gained in this place as a percentage of experience gained in the entire game.
 F = Experience gained in this place divided by the number of levels of this place that you have seen.
                   A       B       C       D       E      F
               +-------+-------+-------+-------+-------+----------------------
         Total | 100.0 | 100.0 | 100.0 | 100.0 | 100.0 | 22300.1
       Dungeon |  12.4 |  15.7 |   5.3 |   0.0 |   5.1 | 5421.3
          Lair |  10.1 |  11.4 |   7.5 |   0.0 |   5.2 | 16675.8
        Shoals |   5.6 |   6.1 |   4.3 |  10.0 |   4.8 | 19207.2
   Spider Nest |   9.1 |   9.1 |   9.4 |   0.0 |   6.5 | 26095.0
    Slime Pits |   4.8 |   3.4 |   8.2 |   0.0 |   5.3 | 17031.2
  Orcish Mines |   3.2 |   3.8 |   1.7 |   0.0 |   1.3 | 10459.0
   Elven Halls |   6.3 |   6.2 |   6.5 |  10.0 |   7.4 | 39729.0
        Vaults |  15.9 |  13.3 |  20.9 |  50.0 |  21.4 | 68712.6
         Crypt |   6.9 |   6.7 |   7.5 |   0.0 |   8.2 | 43810.3
        Depths |   7.9 |   6.9 |   9.9 |  10.0 |  14.1 | 56448.5
          Hell |   1.6 |   1.4 |   2.0 |   5.0 |   2.2 | 34868.0
           Zot |   2.8 |   2.2 |   4.1 |   5.0 |   4.9 | 26461.0
         Abyss |   1.0 |   1.1 |   0.7 |   0.0 |   1.2 | 3730.8
   Pandemonium |  10.1 |   9.7 |  11.0 |  10.0 |  11.9 | 21280.7
      Ice Cave |   2.0 |   2.5 |   0.8 |   0.0 |   0.3 | 5042.0
      Gauntlet |   0.3 |   0.4 |   0.2 |   0.0 |   0.3 | 4174.0
               +-------+-------+-------+-------+-------+----------------------
